 Dungeon Crawl Stone Soup version 0.28-a0-407-g69098e2f6d (webtiles) character file.

Game seed: 11971346101636854565

3 Armakuni the Skirmisher (level 1, 0/18 HPs)
             Began as a Human Cinder Acolyte on Sept 5, 2021.
             Was a High Priest of Ignis.
             Slain by a quokka (4 damage)
             ... on level 1 of the Dungeon.
             The game lasted 00:00:27 (275 turns).

Armakuni the Skirmisher (Human Cinder Acolyte)       Turns: 275, Time: 00:00:27

Health: 0/18       AC:  2    Str: 14    XL:     1   Next: 55%
Magic:  2/2        EV: 11    Int: 14    God:    Ignis [*****.]
Gold:   0          SH:  0    Dex:  8    Spells: 2/2 levels left

rFire   + . .      SeeInvis .   a - -1 falchion (flame)
rCold   . . .      Faith    .   (no shield)
rNeg    . . .      Spirit   .   b - +0 robe
rPois   .          Reflect  .   (no helmet)
rElec   .          Harm     .   (no cloak)
rCorr   .          Rampage  .   (no gloves)
Will    .....                   (no boots)
Stlth   +.........              (no amulet)
HPRegen 0.06/turn               (no ring)
MPRegen 0.08/turn               (no ring)

@: no status effects
A: no striking features
a: Renounce Religion, Sea of Fire, Foxfire Swarm, Rising Flame


You were on level 1 of the Dungeon.
You worshipped Ignis.
Ignis was extremely pleased with you.
You visited 1 branch of the dungeon, and saw 1 of its levels.

Inventory:

Hand Weapons
 a - a -1 falchion of flaming (weapon)
Armour
 b - a +0 robe (worn)
 c - a +0 plate armour


   Skills:
 + Level 3.2 Fighting
 - Level 3.0 Long Blades
 - Level 1.0 Spellcasting
 - Level 3.0 Fire Magic


You had 2 spell levels left.
You didn't know any spells.
Your spell library contained the following spells:

 Spells                   Type           Power      Damage    Failure   Level
 Scorch                   Fire           18%        2d6       12%         2


Dungeon Overview and Level Annotations

Branches:
Dungeon (1/15)

Altars:


Message History

The kobold shouts!
The rat bites you but does no damage.
You closely miss the rat. The rat bites you but does no damage.
You closely miss the rat. The rat misses you.
You hit the rat. You burn the rat.
You kill the rat!
You closely miss the kobold. The kobold hits you but does no damage.
You closely miss the kobold. The kobold hits you with a +0 dagger.
You hit the kobold. You burn the kobold.
You kill the kobold!
Things that are here:
a +0 dagger; a rat corpse You start resting.
HP restored.
A quokka comes into view.
A quokka is nearby!
Found a scroll labelled CAJ ZOTUSAYRR.
You miss the quokka. The quokka barely misses you. The quokka bites you.
You hit the quokka but do no damage.
The quokka bites you but does no damage.
You closely miss the quokka. The quokka bites you.
You barely miss the quokka. The quokka bites you.
The quokka closely misses you.
You are too injured to fight recklessly!
You are too injured to fight recklessly!
You are too injured to fight recklessly!
You hit the quokka but do no damage. The quokka closely misses you.
You hit the quokka but do no damage. The quokka barely misses you.
You closely miss the quokka. The quokka barely misses you. x2
You hit the quokka. You burn the quokka.
The quokka is moderately wounded.
The quokka barely misses you.
You hit the quokka. You burn the quokka.
The quokka is severely wounded.
The quokka bites you. x2
* * * LOW HITPOINT WARNING * * *
You closely miss the quokka.
The quokka is severely wounded.
The quokka bites you.
You die...

.# .. #.##. ....
...## ## ....# .
####...##
####.#...r...#
?....#..@....###
........###.....
.....#..# #..###
#### #..###..#
##......#
#......#### #.
###.......# .
#.##.##.# ##.##
#.##.##.# #


You could see a quokka.

Vanquished Creatures
  A hobgoblin (D:1)
  A kobold (D:1)
  2 rats (D:1)
4 creatures vanquished.

Notes
Turn   | Place    | Note
-------+----------+-------------------------------------------
     0 | D:1      | Armakuni the Human Cinder Acolyte began the quest for the
                  | Orb.
     0 | D:1      | Reached XP level 1. HP: 18/18 MP: 2/2
   275 | D:1      | Slain by a quokka

Illustrated notes

Levels and vault maps discovered:
D:1:      kilobyte_arrival_exit_the_forest, layout_loops_cross

Action                   || total
-------------------------++-------
Melee: Falchion          ||    24
Armor: Robe              ||     5
Dodge: Dodged            ||    10

Table legend: (Time is in decaauts)
 A = Elapsed time spent in this place.
 B = Non-inter-level travel time spent in this place.
 C = Inter-level travel time spent in this place.
 D = Time resting spent in this place.
 E = Time spent auto-exploring this place.
 F = Levels seen in this place.
 G = Mean time per level.
                   A        B        C        D        E       F      G
               +--------+--------+--------+--------+--------+-----+--------+
         Total |    280 |    280 |      0 |    101 |    124 |   1 |  280.0 |
       Dungeon |    280 |    280 |      0 |    101 |    124 |   1 |  280.0 |
               +--------+--------+--------+--------+--------+-----+--------+

Top non-repeatable levels by time:
     D:1: 280 daAuts
